 Dungeon Crawl Stone Soup version 0.17.0-25-gefc9c12 (webtiles) character file.

93 4thArraOfDagon the Insei (level 4, 0/21 HPs)
             Began as a Vine Stalker Transmuter on Nov 18, 2015.
             Succumbed to a worker ant's poison
             ... on level 3 of the Dungeon.
             The game lasted 00:03:43 (612 turns).

4thArraOfDagon the Insei (Vine Stalker Transmuter)   Turns: 612, Time: 00:03:44

Health: 0/21       AC:  2    Str: 13    XL:     4   Next: 61%
Magic:  8/8        EV: 19    Int: 15    God:
Gold:   0          SH:  0    Dex: 18    Spells: 2 memorised, 3 levels left

rFire  . . .     SeeInvis .       - Unarmed
rCold  . . .     Clarity  .     (armour currently unavailable)
rNeg   . . .     SustAt   .     (shield currently unavailable)
rPois  x         Gourm    .     (helmet currently unavailable)
rElec  .         Spirit   +     (cloak currently unavailable)
rCorr  .         Warding  .     (gloves currently unavailable)
rMut   .         Stasis   .     (boots currently unavailable)
MR     .....                    b - amulet of faith
Stlth  ++........               (no ring)
                                (no ring)

@: lethally poisoned (0 -> -14), spider-form (expiring), very slightly
contaminated, not resistant to hostile enchantments, unstealthy
A: (antennae 0), (fangs 0), clever 1, clumsy 1, regeneration 1, magic shield,
(antimagic bite), no device heal 3, rot immunity
a: End Transformation


You were on level 3 of the Dungeon.
You were not hungry.
You were a venomous arachnid creature.
You visited 1 branch of the dungeon, and saw 3 of its levels.

Inventory:

Missiles
 a - 12 arrows
Armour
 j - a +2 robe of magic resistance (melded)
 n - a +0 pair of gloves (melded)
Jewellery
 b - an amulet of faith (around neck)
 m - an uncursed ring of teleportation
Scrolls
 e - a scroll of noise
 f - 3 scrolls of teleportation {unknown}
 h - a scroll of magic mapping {unknown}
 l - 2 scrolls of identify {unknown}
Potions
 g - a potion of lignification
 o - a potion of degeneration {unknown}
Books
 c - a book of Changes

   Spells                             Type                      Level
   a - Beastly Appendage              Transmutation                1
   b - Sticks to Snakes               Transmutation                2
   c - Spider Form                    Transmutation/Poison         3
   d - Ice Form                       Ice/Transmutation            4
   e - Blade Hands                    Transmutation                5
Comestibles
 d - 3 bread rations
 i - 2 fruits


   Skills:
 - Level 0.8 Fighting
 - Level 1.5 Dodging
 * Level 4.2 Unarmed Combat
 - Level 2.1 Spellcasting
 - Level 3.1 Transmutations
 * Level 1.2 Evocations


You had 3 spell levels left.
You knew the following spells:

 Your Spells              Type           Power        Failure   Level  Hunger
a - Beastly Appendage     Trmt           ##....       21%         1    #......
b - Spider Form           Trmt/Pois      #.........   56%         3    ###....


Dungeon Overview and Level Annotations

Branches:
Dungeon (3/15)

Altars:
Fedhas
Vehumet


Innate Abilities, Weirdness & Mutations

((You have extremely sharp teeth.))
Your natural rate of healing is unusually fast.
When hurt, damage is shared between your health and your magic reserves.
((Your bite disrupts and absorbs the magic of your enemies.))
Potions and wands cannot restore your health.
You are immune to rotting.
((You have a pair of small antennae on your head.))
Your mind is acute. (Int +2)
You are clumsy. (Dex -2)


Message History

The worker ant poisons you!
You hit the worker ant.
You kill the worker ant!
Your Evocations skill increases to level 1!
* * * LOW HITPOINT WARNING * * *
You feel sick.
Unknown command.
Unknown command.
Unknown command.
* * * LOW HITPOINT WARNING * * *
You feel sick.
You see here a worker ant corpse.
Unknown command.
Your transformation is almost over.
* * * LOW HITPOINT WARNING * * *
You feel sick.
Unknown command.
Drink which item? (? for menu, Esc to quit)
It was a potion of magic.
Magic courses through your body.
You die...

#........#
#.#.###
####........+
[.#.#
............#
###.#
####.#.>....#
#.#
.####....#####
#.#
....a...########
#.#
#######....%....
#†#.#....# #s#.#
#.# #†#.# {.....
##.#.# ..#.#
..... ?.. .#
...[ +


There were no monsters in sight!

Vanquished Creatures
  Jessica (D:2)
  A worker ant (D:3)
  An adder (D:3)
  An ooze (D:2)
  2 worms
  A giant gecko (D:3)
  An orc (D:2)
  A ball python (D:3)
  A giant cockroach (D:1)
  3 goblins (D:2)
  4 hobgoblins
  3 jackals (D:2)
  3 giant newts
  3 rats
26 creatures vanquished.

Notes
Turn   | Place    | Note
--------------------------------------------------------------
     0 | D:1      | 4thArraOfDagon the Vine Stalker Transmuter began the quest for the Orb.
     0 | D:1      | Reached XP level 1. HP: 9/9 MP: 4/4
    28 | D:1      | Gained mutation: You are clumsy. (Dex -2) [potion of mutation]
    28 | D:1      | Gained mutation: Your mind is acute. (Int +2) [potion of mutation]
    28 | D:1      | Gained mutation: You have a pair of small antennae on your head. [potion of mutation]
   167 | D:2      | Reached XP level 2. HP: 12/14 MP: 6/6
   189 | D:2      | Found a radiant altar of Vehumet.
   214 | D:3      | Noticed an ogre
   239 | D:2      | Noticed Jessica
   270 | D:2      | Found a blossoming altar of Fedhas.
   308 | D:2      | Killed Jessica
   308 | D:2      | Reached XP level 3. HP: 13/17 MP: 1/7
   495 | D:3      | Found a faded altar to an unknown god.
   504 | D:3      | Reached skill level 4 in Unarmed Combat
   531 | D:3      | Learned a level 3 spell: Spider Form
   576 | D:3      | Reached XP level 4. HP: 16/21 MP: 4/8
   609 | D:3      | Reached skill level 1 in Evocations
   612 | D:3      | Succumbed to a worker ant's poison

Action                   |  1- 3 |  4- 6 || total
-------------------------+-------+-------++-------
Melee: Unarmed           |   118 |    13 ||   131
 Cast: Beastly Appendage |     4 |       ||     4
       Spider Form       |       |     1 ||     1
  Use: Potion            |     2 |     1 ||     3
       Scroll            |     2 |       ||     2
 Stab: Sleeping          |     1 |       ||     1
